 Dungeon Crawl Stone Soup version 0.20-a0-38-g7d30548 (webtiles) character file.

1923 Faca the Blocker (level 8, -4/74 HPs)
             Began as a Minotaur Fighter on Nov 10, 2016.
             Was a Follower of Okawaru.
             Slain by one1010's ghost (13 damage)
             ... on level 7 of the Dungeon on Nov 11, 2016.
             The game lasted 00:51:34 (5069 turns).

Faca the Blocker (Minotaur Fighter)                 Turns: 5069, Time: 00:51:34

Health: -4/74      AC: 11    Str: 21    XL:     8   Next: 96%
Magic:  7/7        EV:  8    Int:  5    God:    Okawaru [*.....]
Gold:   386        SH: 11    Dex: 12    Spells: 0 memorised, 7 levels left

rFire  . . .     SeeInvis +     a - +0 long sword
rCold  . . .     Gourm    .     b - +0 scale mail
rNeg   . . .     Faith    .     c - +0 shield
rPois  .         Spirit   .     f - +2 hat
rElec  .         Reflect  .     (no cloak)
rCorr  .         Harm     .     (no gloves)
MR     .....                    j - +0 pair of boots
Stlth  ..........               h - amulet of regeneration
                                A - ring of wizardry
                                i - ring of see invisible

@: no status effects
A: retaliatory headbutt, horns 2
a: Heroism, Renounce Religion


You were on level 7 of the Dungeon.
You worshipped Okawaru.
Okawaru was aware of your devotion.
You were not hungry.

You visited 2 branches of the dungeon, and saw 8 of its levels.

You collected 386 gold pieces.

Inventory:

Hand Weapons
 a - a +0 long sword (weapon)
 y - a +1 short sword of draining
Missiles
 r - 7 tomahawks (quivered)
Armour
 b - a +0 scale mail (worn)
 c - a +0 shield (worn)
 f - a +2 hat (worn)
 j - a +0 pair of boots (worn)
Jewellery
 h - an amulet of regeneration (around neck)
 i - a ring of see invisible (left hand)
 A - a ring of wizardry (right hand)
Scrolls
 m - a scroll of magic mapping
 o - 3 scrolls of remove curse
 q - a scroll of enchant armour {unknown}
 s - 2 scrolls of blinking
 t - 2 scrolls of recharging
 v - a scroll of identify
 w - a scroll of random uselessness {unknown}
 x - a scroll of fog {unknown}
 D - a scroll of noise
 E - a scroll of acquirement {unknown}
Potions
 d - 3 potions of might
 e - 2 potions of berserk rage
 g - 2 potions of curing {unknown}
 k - a potion of magic {unknown}
 l - a potion of heal wounds {unknown}
 n - 3 potions of flight {unknown}
 p - 3 potions of cure mutation {unknown}
 C - a potion of ambrosia {unknown}
Comestibles
 u - 2 bread rations
 z - a meat ration
 B - a slice of pizza


   Skills:
 + Level 7.7 Fighting
 + Level 7.2 Long Blades
 + Level 7.9 Armour
 + Level 8.1 Shields


You had 7 spell levels left.
You didn't know any spells.

Dungeon Overview and Level Annotations

Branches:
Dungeon (7/15)             Temple (1/1) D:6

Altars:
Ashenzari
Cheibriados
Dithmenos
Fedhas
Gozag
Hepliaklqana
Kikubaaqudgha
Nemelex Xobeh
Okawaru
Qazlal
Sif Muna
Trog
Uskayaw
Vehumet
Xom
Yredelemnul
Zin

Annotations:
D:7 one1010's ghost, novice TrMo


Innate Abilities, Weirdness & Mutations

You reflexively headbutt those who attack you in melee.
You have a pair of horns on your head.


Message History

You block one1010's ghost's attack.
You hit one1010's ghost but do no damage.
One1010's ghost is severely damaged.
You block one1010's ghost's attack.
You closely miss one1010's ghost.
One1010's ghost is severely damaged.
One1010's ghost hits you.
* * * LOW HITPOINT WARNING * * *
One1010's ghost completely misses you.
You slash one1010's ghost!
One1010's ghost is almost destroyed.
One1010's ghost hits you.
* * * LOW HITPOINT WARNING * * *
You barely miss one1010's ghost. You headbutt one1010's ghost!
One1010's ghost is almost destroyed.
You block one1010's ghost's attack.
You closely miss one1010's ghost.
One1010's ghost is almost destroyed.
One1010's ghost hits you!
You die...

### #.# #.. #.. #.# #.#
####.# #.###.## #.....
..).... #.##.# ###..
... #.##.. ##.#.# #.#
#(#### #
##.#.W###.#######.#
##..#.#..@....((....†)#
..........###.#########
##..###.......###### #
#.#..........#
#.#.###.####.#
#..###.#.....#
#.>..........#
...####.......#
###.....#


You could see one1010's ghost.

Vanquished Creatures
  A troll (D:7)
  2 ice beasts
  An orc warrior (D:6)
  2 ogres
  A phantom (D:7)
  2 centaurs
  A water moccasin zombie (D:5)
  2 centaur zombies (D:5)
  2 crimson imps
  3 hounds
  A quasit (D:5)
  The ghost of kitsy2 the Sneak, a weakling SpEn (D:3)
  A jelly (D:5)
  4 orc priests
  2 orc wizards
  4 iguanas
  4 worker ants
  2 hound skeletons
  A howler monkey zombie (D:5)
  7 adders
  4 gnolls (D:4)
  A shadow imp (D:5)
  An ooze (D:1)
  An adder zombie (D:5)
  An adder skeleton (D:5)
  A dart slug (D:1)
  4 leopard geckos
  18 orcs
  5 giant cockroaches
  8 goblins
  6 hobgoblins
  2 jackals (D:1)
  4 kobolds
  7 quokkas
  4 ball pythons
  8 bats
  9 frilled lizards
  A quokka zombie (D:5)
  9 rats
  A fungus (D:2)
  4 plants (D:3)
143 creatures vanquished.

Vanquished Creatures (others)
  A wizard (D:5)
1 creature vanquished.

Grand Total: 144 creatures vanquished

Notes
Turn   | Place    | Note
-------+----------+-------------------------------------------
     0 | D:1      | Faca the Minotaur Fighter began the quest for the Orb.
     0 | D:1      | Reached XP level 1. HP: 19/19 MP: 0/0
   129 | D:1      | Reached XP level 2. HP: 18/27 MP: 1/1
   253 | D:1      | Reached skill level 4 in Shields
   770 | D:2      | Reached XP level 3. HP: 33/33 MP: 2/2
  1155 | D:2      | Reached XP level 4. HP: 40/40 MP: 3/3
  2068 | D:3      | Reached XP level 5. HP: 30/47 MP: 4/4
  2251 | D:3      | Noticed kitsy2's ghost (weakling SpEn)
  2269 | D:3      | Killed kitsy2's ghost
  2269 | D:3      | Reached skill level 5 in Armour
  2269 | D:3      | Reached skill level 5 in Shields
  2586 | D:4      | Reached skill level 5 in Fighting
  2586 | D:4      | Reached XP level 6. HP: 20/56 MP: 5/5
  3009 | D:4      | Found an ancient bone altar of Kikubaaqudgha.
  3250 | D:5      | Entered Level 5 of the Dungeon
  3252 | D:5      | Reached skill level 5 in Long Blades
  3252 | D:5      | Reached skill level 6 in Shields
  3252 | D:5      | Reached XP level 7. HP: 60/62 MP: 6/6
  3442 | D:5      | Found a bloodstained altar of Trog.
  3443 | D:5      | Noticed a wizard
  3450 | D:5      | Killed a wizard
  3625 | D:5      | Reached XP level 8. HP: 68/71 MP: 7/7
  3909 | D:6      | Reached skill level 7 in Shields
  4065 | D:6      | Found a shimmering altar of Xom.
  4066 | D:6      | Noticed a troll
  4182 | D:6      | Found a staircase to the Ecumenical Temple.
  4194 | Temple   | Entered the Ecumenical Temple
  4332 | Temple   | Became a worshipper of Warmaster Okawaru
  4574 | D:6      | Found a basalt altar of Yredelemnul.
  4953 | D:7      | Killed a troll
  4953 | D:7      | Reached * piety under Okawaru
  4953 | D:7      | Reached skill level 8 in Shields
  5048 | D:7      | Noticed one1010's ghost (novice TrMo)
  5069 | D:7      | Slain by one1010's ghost

Vault maps used:
D:1:      lightli_arrival_farm
D:2:      minmay_joined_circles, uniq_crazy_yiuf_cottage
D:3:      minmay_wonky_spiral, minmay_misc_feat_rows, serial_bayou_lagoon_a
D:4:      kennysheep_mini
D:5:      first_bread, trog_wizard
D:6:      grunt_temple_overflow_champion_of_chaos, lemuel_doored_altar
D:7:      grunt_ogre_cave
Temple:   regret_index_temple_generic_petals

Skill      XL: |  1  2  3  4  5  6  7  8 |
---------------+-------------------------+-----
Shields        | 4 5 6 8 |  8.1
Long Blades    | 3 4 5 7 |  7.2
Fighting       | 4 5 6 7 |  7.7
Armour         | 4 5 6 7 |  7.9

Action                   |  1- 3 |  4- 6 |  7- 9 || total
-------------------------+-------+-------+-------++-------
Melee: Long sword        |    73 |   320 |   204 ||   597
       Headbutt          |    16 |    71 |    50 ||   137
Throw: Tomahawk          |       |     3 |       ||     3
  Use: Scroll            |     1 |     4 |     4 ||     9
  Eat: Bread ration      |     1 |       |       ||     1
       Chunk             |       |     1 |       ||     1
       Meat ration       |       |     1 |     1 ||     2
Armor: Scale mail        |    25 |    82 |    80 ||   187
Dodge: Dodged            |    11 |    50 |    45 ||   106
Block: Shield            |    38 |   117 |   110 ||   265
       Rpst.: Long sword |     2 |     7 |    12 ||    21
